 Dungeon Crawl Stone Soup version 0.20-a0-870-g4070442 (webtiles) character file.

271 4thArraOfDagon the Bolt Thrower (level 6, -2/48 HPs)
             Began as a Mummy Wanderer on Mar 13, 2017.
             Shot with an arrow by a centaur (6 damage)
             ... on level 5 of the Dungeon.
             The game lasted 00:06:46 (1217 turns).

4thArraOfDagon the Bolt Thrower (Mummy Wanderer)    Turns: 1217, Time: 00:06:46

Health: -2/48      AC:  5    Str: 14    XL:     6   Next: 2%
Magic:  6/6        EV: 10    Int: 14    God:
Gold:   170        SH:  0    Dex: 12    Spells: 5/5 levels left

rFire    x . .     SeeInvis .   i - -1 long sword (curse)
rCold    + . .     Gourm    .   c - +0 ring mail
rNeg     + + +     Faith    .   (no shield)
rPois    ∞         Spirit   .   (no helmet)
rElec    .         Reflect  .   (no cloak)
rCorr    .         Harm     .   (no gloves)
MR       .....                  (no boots)
Stlth    +.........             (no amulet)
Regen    0.2/turn               (no ring)
MPRegen  0.1/turn               (no ring)

@: no status effects
A: no food or potions, fire vulnerability, cold resistance 1, negative energy
resistance 3, torment resistance, unbreathing
a: no special abilities


You were on level 5 of the Dungeon.
You were not hungry.

You visited 1 branch of the dungeon, and saw 8 of its levels.

You collected 170 gold pieces.

Inventory:

Hand Weapons
 b - a +2 blowgun
 d - a +0 hand crossbow
 i - a cursed -1 long sword (weapon)
Missiles
 a - a curare-tipped needle
 e - 16 bolts
Armour
 c - a +0 ring mail (worn)
Wands
 f - a wand of scattershot (7/9)
Scrolls
 g - a scroll of magic mapping
 h - 2 scrolls of identify
Books
 j - a book of Misfortune

   Spells                             Type                      Level
   a - Confusing Touch                Hexes                        1
   b - Confuse                        Hexes                        3
   c - Gell's Gravitas                Translocation                3
   d - Petrify                        Transmutation/Earth          4
   e - Metabolic Englaciation         Hexes/Ice                    5
   f - Yara's Violent Unravelling     Hexes/Transmutation          5


   Skills:
 - Level 4.0 Fighting
 * Level 5.1 Crossbows
 - Level 1.0 Throwing
 - Level 2.4 Armour
 - Level 1.0 Stealth


You had 5 spell levels left.
You didn't know any spells.

Dungeon Overview and Level Annotations

Branches:
Dungeon (8/15)             Temple (0/1) D:5
   Lair: D:8-11

Altars:

Annotations:
D:4 Brouzouf's ghost, amateur BaFi


Innate Abilities, Weirdness & Mutations

You do not eat or drink.
Your flesh is vulnerable to fire.
You are immune to poison.
Your flesh is cold resistant. (rC+)
You are immune to negative energy. (rN+++)
You are immune to unholy pain and torment.
You can survive without breathing.


Message History

Unknown command.
The quokka barely misses you.
There is a stone staircase leading up here.
Unknown command.
Unknown command.
Unknown command.
Unknown command.
Unknown command.
Unknown command.
Found a stone staircase leading down.
Unknown command.
The quokka twitches its whiskers.
Unknown command.
Unknown command.
The iguana bites you.
* * * LOW HITPOINT WARNING * * *
Unknown command.
There is a stone staircase leading down here.
The centaur shoots an arrow.
The arrow hits you.
You die...

#.# #.##.########
#.#..###.... #.#
#.##........####...##
##### ###.#
#(#########...###..#
.##.###...###
###.###..####
........(...## #.##......#
....#####....#
#....####.## ##..#
##.#.#### ####.## ... ##.#
#......#### #..## ##.##
#.## ##...<.@..###....
..... #.(.#
#######...#..#### #..
#.#.## #l....#### #.#
###.#..##### ##.c.....#
#..
#..........#######.####..#
### .......###...c.>##Z#
## ## #.........#####Z...#
#. #......##......r#.## #.
#...>c)########.#.# #.


You could see a centaur, an iguana and a quokka zombie.

Vanquished Creatures
  A centaur (D:5)
  A jelly (D:5)
  2 worker ants
  A mummy (D:4)
  5 adders
  A shadow imp (D:7)
  An ooze (D:1)
  An adder zombie (D:6)
  2 worms
  2 leopard geckos
  3 orcs
  A giant cockroach (D:6)
  2 hobgoblins
  5 jackals (D:4)
  3 quokkas
  A bat (D:1)
  A frilled lizard (D:1)
  A hobgoblin zombie (D:4)
  A kobold (D:3)
  A kobold zombie (D:4)
  A leopard gecko skeleton (D:5)
  2 orc zombies (D:4)
  A quokka zombie (D:6)
40 creatures vanquished.

Notes
Turn   | Place    | Note
-------+----------+-------------------------------------------
     0 | D:1      | 4thArraOfDagon the Mummy Wanderer began the quest for the Orb.
     0 | D:1      | 4thArraOfDagon set off with: 3 curare-tipped needles, a +2 blowgun, a +0 ring mail, a +0 hand crossbow, 27 bolts
     0 | D:1      | Reached XP level 1. HP: 19/19 MP: 1/1
   128 | D:2      | Reached skill level 2 in Crossbows
   128 | D:2      | Reached XP level 2. HP: 17/25 MP: 2/2
   167 | D:3      | Reached XP level 3. HP: 24/30 MP: 3/3
   321 | D:4      | Reached skill level 3 in Crossbows
   399 | D:4      | Noticed Brouzouf's ghost (amateur BaFi)
   405 | D:5      | Entered Level 5 of the Dungeon
   418 | D:5      | Reached XP level 4. HP: 36/37 MP: 4/4
   420 | D:5      | Noticed a centaur
   434 | D:5      | Killed a centaur
   434 | D:5      | Reached skill level 4 in Crossbows
   434 | D:5      | Reached XP level 5. HP: 29/42 MP: 5/5
   763 | D:6      | Noticed an orc warrior
   835 | D:8      | Reached skill level 5 in Crossbows
   885 | D:8      | Noticed a brown ugly thing
  1077 | D:6      | Reached XP level 6. HP: 11/48 MP: 6/6
  1180 | D:5      | Found a staircase to the Ecumenical Temple.
  1198 | D:5      | HP: 2/48 [quokka (3)]
  1206 | D:5      | HP: 2/48 [iguana (2)]
  1217 | D:5      | Shot with an arrow by a centaur

Vault maps used:
D:1:      saegor_arrival_simple_e
D:2:      first_bread, corexii_item_surrounded_by_moat
D:4:      wad_floor_pattern_2, minmay_mini_ossuary, uniq_duvessa
D:5:      minmay_temple_entry_poolview
D:6:      fedhas_altar_1, chequers_temple_overflow_minitemple
D:7:      cheibriados_altar_1, basic_altar, hangedman_decor_slide_cut,
          uniq_menkaure, uniq_joseph

Skill      XL: |  1  2  3  4  5 |
---------------+----------------+-----
Crossbows      | 2 3 4 5 |  5.1
Fighting       | |  4.0
Throwing       | |  1.0
Armour         | |  2.4
Stealth        | |  1.0

Action                   |  1- 3 |  4- 6 || total
-------------------------+-------+-------++-------
Melee: Long sword        |       |    57 ||    57
 Fire: Hand crossbow     |    58 |    28 ||    86
       Blowgun           |     3 |     1 ||     4
  Use: Scroll            |       |     6 ||     6
Armor: Ring mail         |    10 |    30 ||    40
Dodge: Dodged            |     6 |    67 ||    73
       Rpst.: Long sword |       |    18 ||    18
